 Dungeon Crawl Stone Soup version 0.20-a0-1043-gbd57889 (webtiles) character file.

39 Alarkh the Slasher (level 3, 29/29 HPs)
             Began as a Demonspawn Fighter on Apr 24, 2017.
             Quit the game on level 2 of the Dungeon.
             The game lasted 00:01:22 (1384 turns).

Alarkh the Slasher (Demonspawn Fighter)             Turns: 1384, Time: 00:01:22

Health: 29/29      AC:  7    Str: 16    XL:     3   Next: 28%
Magic:  3/3        EV:  6    Int: 10    God:
Gold:   77         SH:  8    Dex: 12    Spells: 2/2 levels left

rFire    + . .     SeeInvis .   a - +0 long sword
rCold    . . .     Gourm    .   c - +0 shield
rNeg     . . .     Faith    .   b - +0 scale mail
rPois    .         Spirit   .   (no helmet)
rElec    .         Reflect  .   (no cloak)
rCorr    .         Harm     .   (no gloves)
MR       .....                  (no boots)
Stlth    ..........             (no amulet)
Regen    0.1/turn               (no ring)
MPRegen  0.1/turn               (no ring)

@: no status effects
A: rugged brown scales 1, fire resistance 1
a: no special abilities


You were on level 2 of the Dungeon.
You were hungry.

You visited 1 branch of the dungeon, and saw 2 of its levels.

You collected 77 gold pieces.

Inventory:

Hand Weapons
 a - a +0 long sword (weapon)
Armour
 b - a +0 scale mail (worn)
 c - a +0 shield (worn)
Scrolls
 i - a scroll of noise {unknown}
 j - a scroll of teleportation {unknown}
Potions
 d - a potion of might
 e - 2 potions of lignification {unknown}
 h - a potion of degeneration {unknown}
Comestibles
 f - a bread ration


   Skills:
 - Level 3.0 Fighting
 + Level 3.3 Long Blades
 - Level 2.6 Armour
 - Level 2.6 Shields


You had 2 spell levels left.
You didn't know any spells.

Dungeon Overview and Level Annotations

Branches:
Dungeon (2/15)

Altars:


Innate Abilities, Weirdness & Mutations

You are partially covered in rugged brown scales. (AC +1, +3% HP)
Your flesh is heat resistant. (rF+)


Message History

You miss the bat. The bat hits you but does no damage. x2
No target in view!
No target in view!
No target in view!
No target in view!
No target in view!
No target in view!
No target in view!
You block the bat's attack.
A bat is nearby!
A bat is nearby!
You hit the bat.
The bat is severely wounded.
You block the bat's attack. The bat hits you but does no damage.
The bat completely misses you.
You riposte.
You closely miss the bat.
The bat is severely wounded.
You hit the bat but do no damage.
The bat is severely wounded.
You block the bat's attack.
Are you sure you want to abandon this character and quit the game? (Confirm with "yes".)

######......#.# #.........#.#.#
###########
######.........#.#.####..........
.................................
######.........#.#.####.#####<###
.....#...........)............###
.....#...........................
.....#.........#.#.####.#########
.....###########@#......#########
.....# #.########........
.....######## #.# ........
...(........####?####### ........
........................ ........
.....######.####.##...## ........
.....# #....(...# ..# ........
.....# #........#...# ........
.#########....(......... ........


There were no monsters in sight!

Vanquished Creatures
  An adder (D:2)
  2 dart slugs (D:2)
  4 bats
  3 giant cockroaches
  2 hobgoblins
  A quokka (D:2)
  2 goblins (D:1)
  5 kobolds
  5 rats (D:1)
25 creatures vanquished.

Notes
Turn   | Place    | Note
-------+----------+-------------------------------------------
     0 | D:1      | Alarkh the Demonspawn Fighter began the quest for the Orb.
     0 | D:1      | Reached XP level 1. HP: 18/18 MP: 1/1
   241 | D:1      | Gained mutation: Your flesh is heat resistant. (rF+) [demonic ancestry]
   241 | D:1      | Reached XP level 2. HP: 24/24 MP: 2/2
  1122 | D:2      | Gained mutation: You are partially covered in rugged brown scales. (AC +1, +3% HP) [demonic ancestry]
  1122 | D:2      | Reached XP level 3. HP: 20/29 MP: 3/3
  1384 | D:2      | Quit the game

Vault maps used:
D:1:      dpeg_arrival_simpleton_c, st_stairs_8
D:2:      nicolae_dithmenos_through_a_glass_darkly

Skill      XL: |  1  2 |
---------------+-------+-----
Long Blades    | 2 3 |  3.3
Fighting       | |  3.0
Armour         | |  2.6
Shields        | |  2.6

Action                   || total
-------------------------++-------
Melee: Long sword        ||    90
  Eat: Chunk             ||     1
Armor: Scale mail        ||    48
Dodge: Dodged            ||    32
Block: Shield            ||    49
       Rpst.: Long sword ||    10
